 Dungeon Crawl Stone Soup version 0.24.0-13-gcf9b3192b9 (webtiles) character file.

Game seed: 15088039661188210095, levelgen mode: deterministic

107 Quickbrownfox the Charmwright (level 4, -16/37 HPs)
             Began as a Draconian Skald on Nov 6, 2019.
             Demolished by an ogre
             ... wielding a +0 giant club
              (31 damage)
             ... on level 4 of the Dungeon.
             The game lasted 00:07:57 (2268 turns).

Quickbrownfox the Charmwright (Draconian Skald)     Turns: 2268, Time: 00:08:00

Health: -16/37     AC: 12    Str: 14    XL:     4   Next: 56%
Magic:  0/7        EV: 12    Int: 14    God:
Gold:   130        SH:  2    Dex: 10    Spells: 2/7 levels left

rFire    . . .     SeeInvis .   e - +3 dagger (protect)
rCold    + . .     Gourm    .   (no shield)
rNeg     . . .     Faith    .   (armour unavailable)
rPois    .         Spirit   .   (helmet restricted)
rElec    .         Reflect  +   (no cloak)
rCorr    .         Harm     .   (no gloves)
MR       .....                  (no boots)
Stlth    +.........             u - +2 amulet of reflection
HPRegen  0.12/turn              q - ring of protection from cold
MPRegen  0.10/turn              (no ring)

@: infused (expiring), protection aura
A: unfitting armour, cold-blooded, AC +5
a: no special abilities


You were on level 4 of the Dungeon.
You were not hungry.

You visited 1 branch of the dungeon, and saw 4 of its levels.

You collected 130 gold pieces.

Inventory:

Hand Weapons
 a - a +0 hand axe
 e - a +3 dagger of protection (weapon)
 o - a +1 short sword of speed
Jewellery
 q - a ring of protection from cold (left hand)
 u - a +2 amulet of reflection (around neck)
Scrolls
 b - a scroll of blinking {unknown}
 g - a scroll of identify {unknown}
 j - a scroll of remove curse {unknown}
 l - a scroll of enchant armour
 m - a scroll of fog {unknown}
 n - a scroll of amnesia
 p - 2 scrolls of teleportation
 r - a scroll of enchant weapon {unknown}
 s - a scroll of immolation {unknown}
Potions
 d - a potion of lignification {unknown}
 f - 2 potions of curing
 h - a potion of agility {unknown}
 i - a potion of brilliance {unknown}
 k - a potion of mutation {unknown}
Comestibles
 c - 5 rations


   Skills:
 + Level 2.8 Fighting
 + Level 3.1 Axes
 + Level 2.8 Dodging
 + Level 2.4 Spellcasting
 + Level 3.1 Charms


You had 2 spell levels left.
You knew the following spells:

 Your Spells              Type           Power        Failure   Level  Hunger
a - Infusion              Chrm           ##..         6%          1    #......
b - Song of Slaying       Chrm           ##......     10%         2    ###....
c - Shroud of Golubria    Chrm/Tloc      #.....       19%         2    ###....

Your spell library contained the following spells:

 Spells                   Type           Power        Failure   Level  Hunger
 Regeneration             Chrm/Necr      #.........   34%         3    ###....
 Spectral Weapon          Hex/Chrm       #.......     34%         3    ###....


Dungeon Overview and Level Annotations

Branches:
Dungeon (4/15)
 Temple: D:4-7

Altars:
Sif Muna


Innate Abilities, Weirdness & Mutations

Your plain brown scales are hard. (AC +5)
You cannot fit into any form of body armour.
You are cold-blooded and may be slowed by cold attacks.


Message History

The ogre is heavily wounded.
The howler monkey misses you. The ogre hits you with a +0 giant club!
You hit the ogre.
The ogre is severely wounded.
The howler monkey barely misses you.
You completely miss the ogre.
The ogre is severely wounded.
The howler monkey closely misses you. The ogre barely misses you.
Unknown command.
You barely miss the ogre.
You tail-slap the ogre, but do no damage.
The ogre is severely wounded.
The howler monkey hits you. The ogre barely misses you.
You hit the ogre.
The ogre is severely wounded.
Your magical infusion is running out.
The howler monkey hits you but does no damage. x2
The ogre hits you with a +0 giant club!!
Ouch! That really hurt!
You die...

# ##.
##..#######
###.........###
......O@.......
......h..=.....
.....?.........
...........%...
...............
...>...........
...........>...
...............


You could see an ogre and a howler monkey.

Vanquished Creatures
  5 adders
  A worm (D:2)
  A dart slug (D:2)
  A leopard gecko (D:2)
  An orc (D:3)
  3 ball pythons
  9 bats
  2 giant cockroaches (D:2)
  6 goblins
  2 hobgoblins
  4 jackals (D:2)
  3 quokkas
  6 frilled lizards
  4 kobolds
  4 rats (D:1)
52 creatures vanquished.

Notes
Turn   | Place    | Note
-------+----------+-------------------------------------------
     0 | D:1      | Quickbrownfox the Draconian Skald began the quest for the
                  | Orb.
     0 | D:1      | Reached XP level 1. HP: 17/17 MP: 3/3
   315 | D:1      | Reached XP level 2. HP: 5/25 MP: 5/5
   876 | D:2      | Found a shimmering blue altar of Sif Muna.
  1068 | D:2      | Reached XP level 3. HP: 28/30 MP: 0/6
  1426 | D:3      | Learned a level 2 spell: Song of Slaying
  1429 | D:3      | Learned a level 2 spell: Shroud of Golubria
  1512 | D:3      | Reached XP level 4. HP: 36/37 MP: 1/7
  2257 | D:4      | Noticed an ogre
  2268 | D:4      | Demolished by an ogre

Levels and vault maps discovered:
D:1:      wander_arrival_abandoned_jail, layout_loops_ring,
          chequers_mini_garden, patterned_corridor
D:2:      layout_basic, old_standard_altar
D:3:      layout_basic
D:4:      layout_layer_cave, first_ration, minivault_26,
          hangedman_decor_slide_cut, kennysheep_donut,
          chequers_serial_rivers_marsh, solitary_fountain, lemuel_altar_in_water

Skill      XL: |  1  2  3  4 |
---------------+-------------+-----
Charms         | 3 |  3.1
Axes           | 3 |  3.1
Fighting       | |  2.8
Dodging        | |  2.8
Spellcasting   | |  2.4

Action                   |  1- 3 |  4- 6 || total
-------------------------+-------+-------++-------
Melee: Hand axe          |   130 |    27 ||   157
       Tailslap          |    10 |     5 ||    15
       Short sword       |       |    17 ||    17
       Dagger            |       |     8 ||     8
 Cast: Infusion          |     7 |     5 ||    12
       Shroud of Golubri |     1 |     3 ||     4
  Use: Scroll            |     3 |     1 ||     4
       Potion            |       |     1 ||     1
 Stab: Sleeping          |     1 |       ||     1
  Eat: Chunk             |     2 |     3 ||     5
Armor: Skin              |    49 |    12 ||    61
Dodge: Dodged            |   109 |    41 ||   150
